 Dungeon Crawl Stone Soup version 0.20-a0-556-g892c87b (webtiles) character file.

1001 drasked the Magician (level 8, -1/36 HPs)
             Began as a Spriggan Conjurer on Feb 4, 2017.
             Killed from afar by an orc wizard (6 damage)
             ... with a magic dart
             ... on level 6 of the Dungeon.
             The game lasted 00:23:53 (6827 turns).

drasked the Magician (Spriggan Conjurer)            Turns: 6827, Time: 00:23:54

Health: -1/36      AC:  2    Str:  4    XL:     8   Next: 0%
Magic:  5/19       EV: 18    Int: 18    God:
Gold:   243        SH:  0    Dex: 17    Spells: 10/21 levels left

rFire    + . .     SeeInvis +   y - +0 dagger (venom)
rCold    . . .     Gourm    .   a - +0 robe
rNeg     . . .     Faith    .   (shield restricted)
rPois    .         Spirit   .   (helmet restricted)
rElec    .         Reflect  .   (no cloak)
rCorr    .         Harm     .   (gloves unavailable)
MR       +....                  (boots unavailable)
Stlth    ++........             (no amulet)
Regen    0.2/turn               (no ring)
                                v - ring of protection from fire {rF+, !d}

@: very quick
A: unfitting armour, see invisible, herbivore 3, speed 3, slow metabolism 2
a: no special abilities


You were on level 6 of the Dungeon.
You were full.

You visited 1 branch of the dungeon, and saw 6 of its levels.
You also visited: Sewer.

You collected 243 gold pieces.

Inventory:

Hand Weapons
 y - a +0 dagger of venom (weapon)
   (You took it off an orc on level 4 of the Dungeon)
Armour
 a - a +0 robe (worn)
Magical Staves
 E - an uncursed staff of conjuration {unknown}
   (You found it on level 5 of the Dungeon)
Jewellery
 p - an uncursed ring of positive energy {unknown}
   (You found it on level 2 of the Dungeon)
 v - a ring of protection from fire (left hand) {rF+, !d}
   (You found it on level 3 of the Dungeon)
 G - a cursed ring of loudness {unknown}
   (You found it on level 6 of the Dungeon)
Scrolls
 d - 2 scrolls of fog {unknown}
 i - 8 scrolls of teleportation
 j - 4 scrolls of remove curse {unknown}
 k - 2 scrolls of fear {unknown}
 n - 4 scrolls of identify
 q - a scroll of magic mapping {unknown}
 u - a scroll of enchant weapon {unknown}
 B - a scroll of recharging {unknown}
 C - a scroll of enchant armour {unknown}
 D - 2 scrolls of immolation {unknown}
Potions
 e - a potion of resistance {unknown}
 f - a potion of flight {unknown}
 g - a potion of might {unknown}
 h - a potion of mutation {unknown}
 l - 7 potions of curing {unknown}
 m - a potion of cure mutation {unknown}
 r - 2 potions of lignification {unknown}
 s - 5 potions of brilliance {unknown}
 t - a potion of agility {unknown}
 w - 4 potions of heal wounds {unknown}
 x - a potion of magic {unknown}
 z - a potion of haste {unknown}
Books
 b - a book of Conjurations
 F - a book of Flames
   (You found it on level 5 of the Dungeon)
Comestibles
 c - 2 bread rations {@e1}
 o - 3 royal jellies
 A - 9 fruits


   Skills:
 - Level 3.0 Dodging
 - Level 3.0 Stealth
 + Level 7.1 Spellcasting
 + Level 5.2 Conjurations
 - Level 5.4 Hexes


You had 10 spell levels left.
You knew the following spells:

 Your Spells              Type           Power        Failure   Level  Hunger
a - Magic Dart            Conj           ####         1%          1    None
b - Searing Ray           Conj           ####..       1%          2    None
c - Fulminant Prism       Conj/Hex       ####......   14%         4    ####...
x - Iskenderun's Mystic   Conj           ####....     14%         4    ####...


Dungeon Overview and Level Annotations

Branches:
Dungeon (6/15)
 Temple: D:4-7

Altars:


Innate Abilities, Weirdness & Mutations

You are very small and have problems with some larger weapons.
You are too small for most types of armour.
You have supernaturally acute eyesight. (SInv)
You are a herbivore.
You cover ground extremely quickly.
You need consume almost no food.


Message History

Aim: a sky beast (lightly wounded)
The magic dart hits the sky beast.
You now have 14/17 mp.
Aim: a sky beast (lightly wounded)
The magic dart hits the sky beast.
You now have 13/17 mp.
Aim: a sky beast (lightly wounded)
The searing ray misses the sky beast. (Press . to maintain the ray.)
You now have 11/17 mp.
The searing ray hits the sky beast.
The sky beast flickers out of sight for a moment.
There is a stone staircase leading down here.
Aim: a sky beast (moderately wounded, slightly transparent)
The searing ray hits the sky beast. (Press . to maintain the ray.)
The sky beast hits you. The sky beast shocks you.
You take 8 damage, and have 24/32 hp.
MASSIVE DAMAGE!!
You now have 9/17 mp.
The searing ray misses the sky beast.
The sky beast misses you.
You now have 8/17 mp.
The searing ray hits the sky beast.
The sky beast hits you. The sky beast shocks you.
You take 10 damage, and have 14/32 hp.
MASSIVE DAMAGE!!
You now have 7/17 mp.
The searing ray hits the sky beast.
You finish channeling your searing ray.
The sky beast completely misses you.
You now have 6/17 mp.
Aim: a sky beast (almost dead, slightly transparent)
The magic dart hits the sky beast.
You kill the sky beast!
You now have 5/18 mp.
You start resting.
A bullfrog comes into view.
You regained 4 hp, and now have 18/32 hp.
You regained 7 mp, and now have 12/18 mp.
Aim: a bullfrog (hasn't noticed you)
You miscast Magic Dart.
You are very lightly contaminated with residual magic.
The air around you crackles with energy!
The bullfrog croaks.
You now have 11/18 mp.
Things that are here:
a spear; a gnoll skeleton
There is a stone staircase leading up here.
A sky beast comes into view.
An orc priest comes into view. It is wielding a short sword.
An orc comes into view. It is wielding a dagger.
The orc moves out of view. 2 orc wizards come into view.
The orc shouts!
The sky beast flickers out of sight for a moment.
The orc wizard shouts!
The orc wizard shouts!
The orc wizard mumbles some strange words.
The orc wizard seems to speed up.
You conjure a prism of explosive energy!
The orc wizard mumbles some strange words.
The orc wizard blinks!
The sky beast hits your fulminant prism.
The sky beast shocks your fulminant prism.
Your fulminant prism resists.
You now have 10/18 mp.
Your magical contamination has completely faded away.
You conjure a prism of explosive energy!
You now have 7/18 mp.
You conjure a prism of explosive energy!
The orc wizard hits your fulminant prism with a dagger!
The orc hits your fulminant prism with a dagger.
You now have 3/18 mp.
An ooze comes into view.
The orc wizard mumbles some strange words.
The orc wizard blinks!
Your fulminant prism crackles loudly.
The ooze quivers.
Something hits your fulminant prism but does no damage.
Your Spellcasting skill increases to level 7!
You have reached level 8!
You feel a bit more experienced. x2
You hear an angry growl.
You regained 3 hp, and now have 24/36 hp.
The orc priest hits you with a short sword.
You take 4 damage, and have 20/36 hp.
The orc wizard hits you with a dagger.
You take 4 damage, and have 16/36 hp.
The orc priest completely misses you.
The orc priest hits you with a short sword.
You take 2 damage, and have 14/36 hp.
The orc wizard barely misses you.
The orc wizard points at you and mumbles some strange words.
The magic dart hits you!
* * * LOW HITPOINT WARNING * * *
You take 10 damage, and have 5/36 hp.
MASSIVE DAMAGE!!
The orc wizard misses you.
The orc wizard gestures at you while chanting.
The magic dart hits you!
You die...

......)...........≈≈≈≈≈≈.
.........#####....≈≈≈≈≈≈.
........## #.....≈≈≈≈≈≈.
........# #......≈≈≈≈
........#####.o......≈≈
####...###)...........
#...# #†##.........
##########Y##....#####
#...........#...@...#
#...........#o...##.#
#..)....Jo..#....# #
##########.##....#
#.Jo.#### ###..# #..#
#..# #..#


You could see an orc priest, 2 orc wizards and an ooze (wandering).

Vanquished Creatures
  An ice beast (D:5)
  A sky beast (D:6)
  An ogre (D:4)
  A bullfrog (D:6)
  A howler monkey (D:5)
  5 wights (D:5)
  A crimson imp (D:5)
  2 orc priests (D:5)
  A gnoll shaman (D:6)
  A worker ant (D:5)
  8 adders
  5 gnolls (D:6)
  3 river rats (Sewer)
  2 oozes (Sewer)
  4 worms
  3 dart slugs
  4 leopard geckos
  10 orcs
  6 bats
  9 giant cockroaches
  9 goblins
  5 hobgoblins
  12 jackals
  2 quokkas
  2 ball pythons (Sewer)
  6 frilled lizards
  16 kobolds
  A quokka skeleton (D:5)
  12 rats
  A fulminant prism (D:5)
135 creatures vanquished.

Vanquished Creatures (others)
  10 fulminant prisms
10 creatures vanquished.

Grand Total: 145 creatures vanquished

Notes
Turn   | Place    | Note
-------+----------+-------------------------------------------
     0 | D:1      | drasked the Spriggan Conjurer began the quest for the Orb.
     0 | D:1      | Reached XP level 1. HP: 9/9 MP: 5/5
    84 | D:1      | Reached skill level 3 in Conjurations
   202 | D:1      | Reached skill level 3 in Spellcasting
   273 | D:1      | Reached XP level 2. HP: 10/13 MP: 0/7
   277 | D:1      | Learned a level 2 spell: Searing Ray
  1118 | D:1      | Reached XP level 3. HP: 8/16 MP: 4/8
  2613 | D:3      | Found a glowing drain.
  2617 | D:3      | Reached XP level 4. HP: 21/21 MP: 5/10
  2618 | D:3      | Reached skill level 4 in Spellcasting
  2636 | Sewer    | Entered a sewer
  2950 | Sewer    | Learned a level 4 spell: Iskenderun's Mystic Blast
  2955 | Sewer    | Learned a level 4 spell: Fulminant Prism
  2998 | Sewer    | Reached skill level 4 in Conjurations
  3178 | Sewer    | Reached skill level 1 in Hexes
  3260 | Sewer    | Reached XP level 5. HP: 23/24 MP: 6/12
  3780 | D:3      | Reached skill level 2 in Hexes
  4227 | D:4      | Noticed an ogre
  4250 | D:4      | Killed an ogre
  4250 | D:4      | Reached skill level 5 in Spellcasting
  4250 | D:4      | Reached skill level 3 in Hexes
  4250 | D:4      | Reached XP level 6. HP: 28/28 MP: 6/14
  4794 | D:5      | Entered Level 5 of the Dungeon
  5179 | D:5      | Reached skill level 4 in Hexes
  5585 | D:5      | Reached XP level 7. HP: 32/32 MP: 6/16
  5672 | D:5      | Reached skill level 5 in Hexes
  6153 | D:5      | Reached skill level 6 in Spellcasting
  6414 | D:6      | Reached skill level 5 in Conjurations
  6809 | D:6      | Reached skill level 7 in Spellcasting
  6809 | D:6      | Reached XP level 8. HP: 24/36 MP: 3/19
  6824 | D:6      | HP: 5/36 [orc wizard/magic dart (10)]
  6827 | D:6      | Killed from afar by an orc wizard

Vault maps used:
D:1:      erik_arrival_blinker_ship, minmay_misc_feat_enclosed
D:2:      first_bread, minivault_23, minmay_cupped
D:3:      portal_sewer_entry_f
D:4:      kennysheep_minor_cross, dk_vineyard_2
D:6:      temple_pool_b
Sewer:    sewer_co_15_rooms

Skill      XL: |  1  2  3  4  5  6  7 |
---------------+----------------------+-----
Conjurations   | 3 4 5 |  5.2
Spellcasting   | 3 4 5 7 |  7.1
Hexes          | 1 3 4 5 |  5.4
Dodging        | |  3.0
Stealth        | |  3.0

Action                   |  1- 3 |  4- 6 |  7- 9 || total
-------------------------+-------+-------+-------++-------
Melee: Dagger            |       |    13 |     1 ||    14
 Cast: Magic Dart        |    96 |   119 |    30 ||   245
       Searing Ray       |     3 |    16 |     7 ||    26
       Iskenderun's Myst |       |     6 |     6 ||    12
       Fulminant Prism   |       |     3 |     8 ||    11
  Use: Scroll            |       |     2 |       ||     2
 Stab: Sleeping          |       |       |     1 ||     1
  Eat: Fruit             |       |    11 |       ||    11
Armor: Robe              |       |     6 |     1 ||     7
Dodge: Dodged            |    10 |    30 |     8 ||    48

Vault maps used:
D:1:      erik_arrival_blinker_ship, minmay_misc_feat_enclosed
D:2:      first_bread, minivault_23, minmay_cupped
D:3:      portal_sewer_entry_f
D:4:      kennysheep_minor_cross, dk_vineyard_2
D:6:      temple_pool_b
Sewer:    sewer_co_15_rooms

Table legend:
 A = Turns spent in this place as a percentage of turns spent in the entire game.
 B = Non-inter-level travel turns spent in this place as a percentage of non-inter-level travel turns spent in the entire game.
 C = Inter-level travel turns spent in this place as a percentage of turns spent in this place.
 D = Turns resting spent in this place as a percentage of non-inter-level travel turns spent in this place.
 E = Turns spent auto-exploring this place as a percentage of non-inter-level travel turns spent in this place.
 F = Non-inter-level travel turns spent in this place divided by the number of levels of this place that you've seen.
                   A       B       C       D       E      F
               +-------+-------+-------+-------+-------+----------------------
         Total | 100.0 | 100.0 |   0.3 |   5.7 |  10.4 | 252.1
       Dungeon |  86.4 |  86.3 |   0.4 |   5.8 |  10.7 | 254.0
         Sewer |  13.6 |  13.7 |   0.0 |   5.0 |   8.7 | 241.0
               +-------+-------+-------+-------+-------+----------------------

Table legend:
 A = Kills in this place as a percentage of kills in entire the game.
 B = Kills by you in this place as a percentage of kills by you in the entire game.
 C = Kills by friends in this place as a percentage of kills by friends in the entire game.
 D = Other kills in this place as a percentage of other kills in the entire game.
 E = Experience gained in this place as a percentage of experience gained in the entire game.
 F = Experience gained in this place divided by the number of levels of this place that you have seen.
                   A       B       C       D       E      F
               +-------+-------+-------+-------+-------+----------------------
         Total | 100.0 | 100.0 |  -nan |  -nan | 100.0 | 204.4
       Dungeon |  86.6 |  86.6 |  -nan |  -nan |  93.8 | 223.7
         Sewer |  13.4 |  13.4 |  -nan |  -nan |   6.2 |  89.0
               +-------+-------+-------+-------+-------+----------------------
